 Dungeon Crawl Stone Soup version 0.19.1 (webtiles) character file.

6253 Menchi the Nimble (level 10, -2/80 HPs)
             Began as a Demigod Assassin on Dec 12, 2016.
             Slain by a merfolk
             ... wielding a +0 spear
              (5 damage)
             ... on level 9 of the Dungeon on Dec 13, 2016.
             The game lasted 01:02:39 (9908 turns).

Menchi the Nimble (Demigod Assassin)                Turns: 9908, Time: 01:02:40

Health: -2/80      AC:  9    Str: 14    XL:     10   Next: 36%
Magic:  15/15      EV: 22    Int: 17    God:
Gold:   426        SH:  0    Dex: 27    Spells: 0 memorised, 9 levels left

rFire  . . .     SeeInvis .     i - +0 dagger (venom)
rCold  . . .     Gourm    .     c - +0 robe
rNeg   . . .     Faith    +     (no shield)
rPois  .         Spirit   .     t - +1 helmet
rElec  .         Reflect  .     A - +0 cloak
rCorr  .         Harm     .     k - +2 pair of gloves
MR     +....                    O - +0 pair of boots
Stlth  +++++.....               C - amulet "Hamywna" {Faith Dex+4}
                                (no ring)
                                (no ring)

@: about to teleport
A: clever 1, high mp 1
a: no special abilities


You were on level 9 of the Dungeon.
You were not hungry.

You visited 1 branch of the dungeon, and saw 10 of its levels.

You collected 426 gold pieces.

Inventory:

Hand Weapons
 a - a +2 dagger
 b - a +0 blowgun
 i - a +0 dagger of venom (weapon)
 n - a +1 vampiric dagger
 q - a +1 dagger of speed
Missiles
 e - 77 poisoned needles
 f - 8 curare-tipped needles
Armour
 c - a +0 robe (worn)
 k - a +2 pair of gloves (worn)
 t - a +1 helmet (worn)
 A - a +0 cloak (worn)
 O - a +0 pair of boots (worn)
Jewellery
 d - an uncursed ring of fire
 C - the amulet "Hamywna" (around neck) {Faith Dex+4}
   (You found it on level 8 of the Dungeon)

   [amulet of faith]

   It allows you to gain divine favour quickly.
   It affects your dexterity (+4).
Wands
 r - a wand of acid (0/15)
 B - a wand of polymorph (12/24)
 H - a wand of slowing (11/48)
 J - a wand of digging (14/24)
 K - a wand of random effects (14/48)
 L - a wand of iceblast (0/15)
Scrolls
 j - 7 scrolls of remove curse
 w - 3 scrolls of enchant armour
 y - 3 scrolls of amnesia
 D - 2 scrolls of recharging
 F - a scroll of identify
Potions
 l - a potion of flight
 p - 2 potions of cancellation
 s - 3 potions of brilliance
 u - a potion of berserk rage
 v - a potion of agility {unknown}
 z - 2 potions of might {unknown}
 E - a potion of mutation {unknown}
 I - a potion of haste
 M - a potion of cure mutation {unknown}
Comestibles
 g - 7 bread rations
 h - 7 fruits
 m - a beef jerky
 o - a slice of pizza
 x - 2 meat rations
 N - 3 chunks of flesh


   Skills:
 + Level 4.5 Fighting
 * Level 8.2 Short Blades
 - Level 1.7 Throwing
 * Level 8.9 Dodging
 * Level 8.8 Stealth
 + Level 2.4 Evocations


You had 9 spell levels left.
You didn't know any spells.

Dungeon Overview and Level Annotations

Branches:
Dungeon (10/15)            Temple (0/1) D:6            Lair (0/6) D:8
    Orc: D:9-12

Shops:
D:9 :


Innate Abilities, Weirdness & Mutations

You have an increased reservoir of magic. (+10% MP)
Your mind is acute. (Int +2)


Message History

Evoke which item? (* to show all) (? for menu, Esc to quit)
Zapping:
H - a wand of slowing {zapped: 9} (will waste charges)
Press: ? - help, Shift-Dir - straight line, f - merfolk
Aim: a merfolk, wielding a spear (moderately wounded, chance to defeat MR: 42%)
The merfolk resists with some effort.
Evoking this partially-identified wand wasted a few charges.
The merfolk misses you.
Evoke which item? (* to show all) (? for menu, Esc to quit)
Zapping:
K - a wand of random effects (15/48)
Press: ? - help, Shift-Dir - straight line, f/p - merfolk
Aim: a merfolk, wielding a spear (moderately wounded)
The puff of flame misses the merfolk.
This wand has 14 charges left.
The merfolk hits you with a spear!
* * * LOW HITPOINT WARNING * * *
As you read the scroll of teleportation, it crumbles to dust.
You feel strangely unstable. The merfolk hits you with a spear!!
* * * LOW HITPOINT WARNING * * *
The merfolk barely misses you.
The merfolk hits you from afar with a spear.
You die...

########### ###########
###.........# #.........#
#.'.........### #.........#
#.#.......m.'.# #.........#
##.#.........#.# #......^..#
#m.#.........#m####....<....#
..##.........#>.@.'.....[...#
###########+#######.........#
#...).....# #####'##### ##.#
#..# #.## ###'#### #......#


You could see a merfolk.

Vanquished Creatures
  Gastronok (D:8)
  Pikel (D:5)
  Joseph (D:8)
  The ghost of Aksej the Chopper, a novice DsGl of Qazlal (D:5)
  Prince Ribbit (D:8)
  A hippogriff (D:8)
  A hungry ghost (D:8)
  Eustachio (D:4)
  Edmund (D:4)
  A porcupine (D:8)
  2 sky beasts (D:7)
  An orc warrior (D:8)
  4 ice beasts
  2 phantoms (D:8)
  2 black bears
  2 ogres
  A big kobold (D:8)
  4 bullfrogs
  Blork the orc (D:4)
  3 scorpions
  A howler monkey (D:9)
  5 crimson imps
  A bullfrog zombie (D:9)
  3 quasits
  A centaur zombie (D:9)
  A jelly (D:6)
  3 hounds
  An orc priest (D:4)
  A bullfrog skeleton (D:9)
  3 orc wizards
  4 iguanas
  4 worker ants
  A killer bee zombie (D:9)
  A hound zombie (D:7)
  The ghost of M4edhros the Charlatan, a weakling OpAr (D:4)
  Robin (D:3)
  9 gnolls
  7 adders
  A shadow imp (D:8)
  An ooze (D:6)
  2 adder zombies
  2 adder skeletons
  A worm (D:2)
  3 dart slugs
  5 leopard geckos
  14 orcs
  4 giant cockroaches
  13 goblins
  10 hobgoblins
  3 jackals (D:1)
  3 quokkas
  7 bats
  4 frilled lizards
  16 kobolds
  6 rats
175 creatures vanquished.

Vanquished Creatures (others)
  2 slaves (D:6)
  A giant cockroach (D:6)
  A quokka (D:6)
4 creatures vanquished.

Grand Total: 179 creatures vanquished

Notes
Turn   | Place    | Note
-------+----------+-------------------------------------------
     0 | D:1      | Menchi the Demigod Assassin began the quest for the Orb.
     0 | D:1      | Reached XP level 1. HP: 17/17 MP: 3/3
   264 | D:1      | Reached skill level 1 in Dodging
   446 | D:1      | Reached XP level 2. HP: 24/24 MP: 4/4
  1244 | D:2      | Reached XP level 3. HP: 26/29 MP: 5/5
  1547 | D:3      | Noticed Robin
  1625 | D:3      | Killed Robin
  1625 | D:3      | Reached XP level 4. HP: 30/36 MP: 6/6
  2367 | D:4      | Reached XP level 5. HP: 10/42 MP: 7/7
  2528 | D:4      | Noticed M4edhros's ghost (weakling OpAr)
  2546 | D:4      | Killed M4edhros's ghost
  2808 | D:4      | Noticed Edmund
  2815 | D:4      | Killed Edmund
  2815 | D:4      | Reached XP level 6. HP: 29/50 MP: 8/8
  2911 | D:4      | Noticed Eustachio
  3169 | D:4      | Noticed Blork the orc
  3187 | D:4      | Killed Blork the orc
  3187 | D:4      | Reached skill level 5 in Stealth
  3344 | D:4      | Killed Eustachio
  3448 | D:4      | Reached XP level 7. HP: 47/56 MP: 9/9
  3749 | D:5      | Entered Level 5 of the Dungeon
  3819 | D:5      | Found a hide-covered altar of Uskayaw.
  3841 | D:5      | Got a slimy robe
  4133 | D:5      | Noticed Aksej's ghost (novice DsGl)
  4159 | D:5      | Killed Aksej's ghost
  4159 | D:5      | Reached skill level 5 in Short Blades
  4159 | D:5      | Reached skill level 5 in Dodging
  4759 | D:6      | Noticed a yak
  4764 | D:6      | Noticed a yak
  4894 | D:6      | Reached XP level 8. HP: 58/62 MP: 10/10
  4912 | D:6      | Found a staircase to the Ecumenical Temple.
  4970 | D:6      | Found a hazy altar of Hepliaklqana.
  4970 | D:6      | Found a sparkling altar of Nemelex Xobeh.
  5621 | D:6      | Found a stormy altar of Qazlal.
  5737 | D:6      | Noticed Pikel
  5798 | D:5      | Killed Pikel
  6095 | D:6      | Found a shattered altar of Ashenzari.
  6095 | D:6      | Found a radiant altar of Vehumet.
  6162 | D:6      | Found a shadowy altar of Dithmenos.
  6314 | D:6      | Reached skill level 1 in Evocations
  6402 | D:7      | Found a white marble altar of Elyvilon.
  6402 | D:7      | Found a glowing silver altar of Zin.
  7023 | D:7      | Reached XP level 9. HP: 42/70 MP: 12/12
  7396 | D:7      | Gained mutation: Your mind is acute. (Int +2) [mutagenic meat]
  8111 | D:8      | Noticed Joseph
  8123 | D:8      | Killed Joseph
  8348 | D:8      | Noticed Gastronok
  8595 | D:8      | Killed Gastronok
  8595 | D:8      | Reached XP level 10. HP: 70/79 MP: 12/14
  8608 | D:8      | Noticed Prince Ribbit
  8679 | D:8      | Killed Prince Ribbit
  9137 | D:8      | Got a crude lead amulet
  9139 | D:8      | Found a staircase to the Lair.
  9709 | D:9      | Identified the amulet "Hamywna" {Faith Dex+4} (You found it on level 8 of the Dungeon)
  9741 | D:9      | Found Cijit's Book Emporium.
  9892 | D:10     | Entered Level 10 of the Dungeon
  9906 | D:9      | HP: 2/80 [merfolk/spear (18)]
  9908 | D:9      | Slain by a merfolk

Skill      XL: |  1  2  3  4  5  6  7  8  9 10 |
---------------+-------------------------------+-----
Dodging        | 1 2 3 4 5 6 8 |  8.9
Stealth        | 4 5 6 7 8 |  8.8
Short Blades   | 2 3 4 5 6 7 8 |  8.2
Fighting       | 2 3 4 |  4.5
Evocations     | 1 2 |  2.4
Throwing       | |  1.7

Action                   |  1- 3 |  4- 6 |  7- 9 | 10-12 || total
-------------------------+-------+-------+-------+-------++-------
Melee: Dagger            |   143 |   169 |   503 |   243 ||  1058
Evoke: Wand              |       |     1 |    21 |     6 ||    28
  Use: Scroll            |     4 |     6 |    13 |     2 ||    25
       Potion            |       |     2 |     1 |       ||     3
 Stab: Sleeping          |     8 |     7 |     8 |     9 ||    32
       Distracted        |     1 |     2 |     3 |       ||     6
  Eat: Chunk             |     2 |     6 |    13 |       ||    21
       Royal jelly       |       |       |     1 |       ||     1
       Fruit             |       |       |     4 |       ||     4
       Bread ration      |       |       |       |     1 ||     1
Armor: Robe              |    55 |    50 |    95 |    24 ||   224
       Skin              |       |     4 |       |       ||     4
Dodge: Dodged            |    80 |   118 |   344 |   140 ||   682
